 Dungeon Crawl Stone Soup version 0.29.1-4-g47bece8355 (webtiles) character file.

Game seed: 9807002324107254765

224 zeram the Cudgeller (level 5, -1/53 HPs)
             Began as a Troll Fighter on Dec 9, 2022.
             Slain by Robin
             ... wielding a +0 spear
              (2 damage)
             ... on level 3 of the Dungeon.
             The game lasted 00:05:47 (1691 turns).

zeram the Cudgeller (Troll Fighter)                 Turns: 1691, Time: 00:05:48

Health: -1/53      AC:  4    Str: 24    XL:     5   Next: 67%
Magic:  4/4        EV:  9    Int:  6    God:
Gold:   51         SH:  8    Dex:  9    Spells: 4/4 levels left

rFire   . . .      SeeInvis .   a - +0 flail
rCold   . . .      Faith    .   c - +1 kite shield
rNeg    . . .      Spirit   .   b - +0 robe
rPois   .          Reflect  .   (helmet restricted)
rElec   .          Harm     .   (no cloak)
rCorr   .          Rampage  .   (gloves unavailable)
Will    .....                   (boots unavailable)
Stlth   +.........              (no amulet)
HPRegen 0.97/turn               (no ring)
MPRegen 0.09/turn               (no ring)

@: no status effects
A: large, unfitting armour, claws 3, regeneration 1, shaggy fur 1, tough skin 1
a: no special abilities


You were on level 3 of the Dungeon.
You visited 1 branch of the dungeon, and saw 3 of its levels.

You collected 93 gold pieces.
You spent 42 gold pieces at shops.

Inventory:

Hand Weapons
 a - a +0 flail (weapon)
Armour
 b - a +0 robe (worn)
 c - a +1 kite shield (worn)
Jewellery
 m - a ring of fire
Wands
 l - a wand of roots (4)
Scrolls
 d - 5 scrolls of identify
 e - a scroll of teleportation
 f - 2 scrolls of fear
 j - a scroll of amnesia {unknown}
Potions
 g - a potion of attraction
 h - a potion of mutation {unknown}
 i - 4 potions of curing {unknown}
 k - a potion of brilliance {unknown}
 n - a potion of ambrosia {unknown}


   Skills:
 + Level 3.0 Fighting
 + Level 4.0 Maces & Flails
 + Level 3.3 Dodging
 - Level 3.2 Shields


You had 4 spell levels left.
You didn't know any spells.
Your spell library contained the following spells:

 Spells                   Type           Power      Damage    Failure   Level
 Conjure Flame            Conj/Fire      0%         6-21      98%         3
 Ignite Poison            Fire/Tmut/Pois 0%         N/A       98%         3
 Sticky Flame             Conj/Fire      0%         2d3       100%        4


Dungeon Overview and Level Annotations

Branches:
Dungeon (3/15)

Altars:

Shops:
D:2 ?

Annotations:
D:3 Robin


Innate Abilities, Weirdness & Mutations

You are too large for most types of armour.
You have claws for hands.
Your natural rate of healing is unusually fast.
You are covered in fur. (AC +1)
You have tough skin. (AC +1)


Message History

The goblin completely misses you. You block the goblin's attack.
The goblin hits you but does no damage. You block the goblin's attack.
The hobgoblin barely misses you.
The goblin hits you with a +2 dagger of protection.
The goblin closely misses you. You block the goblin's attack.
The goblin barely misses you.
Okay, then.
You sock the hobgoblin!
You kill the hobgoblin!
You block the goblin's attack.
The goblin hits you with a +2 dagger of protection.
You block the goblin's attack. The goblin hits you but does no damage.
The goblin hits you with a +0 club. The goblin hits you but does no damage.
The goblin hits you with a +0 dagger.
Your Maces & Flails skill increases to level 4!
The goblin attacks as you move away! The goblin hits you but does no damage.
You block the goblin's attack. The goblin hits you with a +0 dagger.
Robin hits you with a +0 spear.
You see here a hobgoblin corpse.
You hit Robin.
Robin is lightly wounded.
You block the goblin's attack. x2; The goblin hits you with a +0 dagger.
Robin hits you with a +0 spear.
* * * LOW HITPOINT WARNING * * *
Unknown command.
You barely miss Robin.
Robin is lightly wounded.
The goblin barely misses you. You block the goblin's attack.
The goblin hits you with a +0 dagger.
* * * LOW HITPOINT WARNING * * *
The goblin hits you with a +0 dagger.
* * * LOW HITPOINT WARNING * * *
You block the goblin's attack. x2; The goblin hits you with a +0 dagger.
* * * LOW HITPOINT WARNING * * *
The goblin barely misses you. The goblin hits you with a +0 club.
* * * LOW HITPOINT WARNING * * *
The goblin hits you with a +0 dagger.
* * * LOW HITPOINT WARNING * * *
The goblin hits you but does no damage. Robin hits you with a +0 spear.
You die...

########### #...
#.........# #...
#.........# #...
#....†....# #...
###...ggg...# #...
......g@gg))# #...
.......gg...#########...
....................'>..
......#####......####...
...... #......# #...
###+## #......####...
#......##.....
#......##.#.#.
#......##.#.#.


You could see Robin and 7 goblins.

Vanquished Creatures
  2 scorpions (D:3)
  3 gnolls (D:2)
  2 adders
  3 worms
  4 dart slugs
  An orc (D:3)
  4 endoplasms
  3 giant cockroaches
  6 goblins
  6 hobgoblins
  2 jackals (D:1)
  2 quokkas (D:1)
  A ball python (D:1)
  5 bats
  A frilled lizard (D:2)
  3 kobolds
  8 rats
56 creatures vanquished.

Notes
Turn   | Place    | Note
-------+----------+-------------------------------------------
     0 | D:1      | zeram the Troll Fighter began the quest for the Orb.
     0 | D:1      | Reached XP level 1. HP: 22/22 MP: 0/0
   122 | D:1      | Reached XP level 2. HP: 29/29 MP: 1/1
   183 | D:1      | Reached skill level 2 in Maces & Flails
   476 | D:1      | Reached XP level 3. HP: 30/36 MP: 2/2
   882 | D:2      | Found Duvvakh's Magic Scroll Boutique.
   887 | D:2      | Bought a scroll of teleportation for 42 gold pieces
  1234 | D:2      | Reached XP level 4. HP: 31/44 MP: 3/3
  1248 | D:2      | HP: 1/44 [gnoll/+1 halberd of flaming (4)]
  1309 | D:2      | Found a faded altar of an unknown god.
  1368 | D:3      | Noticed a scorpion
  1372 | D:3      | Killed a scorpion
  1373 | D:3      | Reached skill level 3 in Maces & Flails
  1373 | D:3      | Reached XP level 5. HP: 45/52 MP: 4/4
  1681 | D:3      | Noticed Robin
  1689 | D:3      | Reached skill level 4 in Maces & Flails
  1691 | D:3      | HP: 1/53 [goblin/+0 dagger[Robin] (2)]
  1691 | D:3      | Slain by Robin

Illustrated notes

Levels and vault maps discovered:
D:1:      arrival_zaba_pyramid, layout_basic, hangedman_decor_push, st_stairs_3
D:2:      layout_rooms, serial_shops, nicolae_shop_hallway_plus,
          hellmonk_ecumenical_altar_zigzags
D:3:      layout_basic, serial_park_tiny_1, dilly_guarded_unrand_morg,
          uniq_robin, uniq_ijyb, uniq_jessica

Skill      XL: |  1  2  3  4  5 |
---------------+----------------+-----
Maces & Flails | 2 3 4 |  4.0
Shields        | 3 |  3.2
Dodging        | 3 |  3.3
Fighting       | 3 |  3.0

Action                   |  1- 3 |  4- 6 || total
-------------------------+-------+-------++-------
Melee: Flail             |   165 |    55 ||   220
  Use: Scroll            |     2 |     2 ||     4
       Potion            |       |     1 ||     1
 Stab: Sleeping          |       |     1 ||     1
Armor: Robe              |    72 |    19 ||    91
Dodge: Dodged            |   106 |    25 ||   131
Block: Kite shield       |    84 |    36 ||   120
